 Dungeon Crawl Stone Soup version 0.31-a0-1352-gc98d92de7d (webtiles) character file.

Game seed: 18250198986822585491

81985 Dirtsage the Mimic (level 15, -38/114 HPs)
             Began as an Octopode Shapeshifter on Dec 19, 2023.
             Was the Champion of the Shining One.
             Annihilated by a titanic slime creature (41 damage)
             ... on level 15 of the Dungeon on Dec 22, 2023.
             The game lasted 01:03:20 (17588 turns).

Dirtsage the Mimic (Octopode Shapeshifter)         Turns: 17588, Time: 01:03:21

Health: -38/114    AC: 34    Str: 20    XL:     15   Next: 72%
Magic:  19/23      EV: 21    Int: 17    God:    the Shining One [******]
Gold:   2802       SH:  0    Dex: 23    Spells: 9/14 levels left

rFire   + .          .
                       - Unarmed
rCold   . . .        (no shield)
rNeg    + + +        c - +1 hat {Int+3}
rPois   ∞            s - amulet of regeneration
rElec   +            H - +6 ring of strength
rCorr   .            p - +4 ring of protection
SInv    .            u - +6 ring of dexterity
Will    +....        I - +4 ring of protection
Stlth   ++           F - ring of protection from fire
HPRegen 1.19/turn    (no ring)
MPRegen 0.18/turn    (no ring)
                     (no ring)

%: no passive effects
@: statue-form, glowing, very slow
A: slow and powerful, torment resistance 1, almost no armour, amphibious, 8
rings, camouflage 1, (gelatinous body 1), (nimble swimmer 1), tentacles
a: Begin Untransformation, Renounce Religion, Divine Shield, Cleansing Flame,
Summon Divine Warrior, Brand Weapon With Holy Wrath


You were on level 15 of the Dungeon.
You worshipped the Shining One.
The Shining One was exalted by your worship.
You were a living statue of rough stone.
You visited 3 branches of the dungeon, and saw 21 of its levels.
You also visited: Ossuary.

You collected 2938 gold pieces.
You spent 136 gold pieces at shops.

Inventory:

Missiles
 M - 3 curare-tipped darts
 O - 3 throwing nets
Armour
 c - a +1 hat of intelligence (worn)
Jewellery
 p - a +4 ring of protection (right tentacle)
 s - an amulet of regeneration (around mantle)
 u - a +6 ring of dexterity (on tentacle)
 F - a ring of protection from fire (on tentacle)
 H - a +6 ring of strength (left tentacle)
 I - a +4 ring of protection (on tentacle)
 R - an amulet of reflection
Talismans
 N - a granite talisman (active)
 U - a serpent talisman
Wands
 m - a wand of flame (49) (quivered)
 o - a wand of paralysis (20)
 v - a wand of acid (25)
 x - a wand of polymorph (16)
 D - a wand of digging (7)
 K - a wand of roots (4)
 Q - a wand of mindburst (6)
Scrolls
 b - 5 scrolls of vulnerability
 f - 2 scrolls of amnesia
 g - 3 scrolls of fear
 i - 3 scrolls of identify
 j - 3 scrolls of poison
 r - a scroll of noise
 t - 2 scrolls of teleportation
 z - a scroll of fog
 B - 6 scrolls of blinking
 J - a scroll of immolation
 L - a scroll of revelation
 T - a scroll of enchant weapon {unknown}
Potions
 a - 3 potions of lignification
 d - 2 potions of might
 e - 3 potions of enlightenment
 h - 5 potions of haste
 k - 3 potions of magic
 l - 2 potions of heal wounds
 n - 5 potions of resistance
 q - 7 potions of curing
 w - 3 potions of invisibility
 y - 7 potions of ambrosia
 A - 3 potions of attraction
 C - a potion of cancellation
 E - 5 potions of mutation
 G - 2 potions of brilliance
 P - a potion of berserk rage
Miscellaneous
 S - a phantom mirror


   Skills:
 - Level 10.6 Fighting
 - Level 10.7 Dodging
 - Level 7.8 Stealth
 + Level 11.0 Unarmed Combat
 * Level 5.4 Conjurations
 * Level 5.4 Ice Magic
 * Level 5.4 Air Magic
 - Level 10.7 Invocations
 * Level 14.4 Shapeshifting


You had 9 spell levels left.
You knew the following spells:

 Your Spells              Type           Power      Damage    Failure   Level
a - Freezing Cloud        Conj/Ice/Air   9%         6-21      56%         5

Your spell library contained the following spells:

 Spells                   Type           Power      Damage    Failure   Level
 Foxfire                  Conj/Fire      36%        2x1d5     8%          1
 Cigotuvi's Dreadful Rot  Necr/Alch/Air  12%        N/A       17%         2
 Dazzling Flash           Conj/Hex       18%        N/A       24%         3
 Lesser Beckoning         Tloc           0%         N/A       34%         2
 Scorch                   Fire           0%         2d5       34%         2
 Gell's Gravitas          Tloc           0%         N/A       56%         3
 Summon Guardian Golem    Hex/Summ       0%         N/A       56%         3
 Teleport Other           Tloc           0%         N/A       56%         3
 Volatile Blastmotes      Fire/Tloc      0%         2d10      56%         3
 Flame Wave               Conj/Fire      9%         2d6       61%         4
 Iskenderun's Mystic Bla  Conj/Tloc      9%         2d4       61%         4
 Ignite Poison            Fire/Alch      0%         N/A       93%         4
 Sticky Flame             Fire/Alch      0%         2d4       93%         4
 Dispersal                Tloc           0%         N/A       100%        6
 Plasma Beam              Fire/Air       4%         2x1d14    100%        6
 Starburst                Conj/Fire      4%         6d4       100%        6
 Summon Cactus Giant      Summ           0%         N/A       100%        6
 Orb of Destruction       Conj           9%         9d6       100%        7
 Spellforged Servitor     Conj/Summ      4%         N/A       100%        7
 Disjunction              Tloc           0%         N/A       100%        8
 Maxwell's Capacitive Co  Air            9%         ∞         100%        8
 Chain Lightning          Conj/Air       9%         3d12      100%        9
 Fire Storm               Conj/Fire      4%         8d1       100%        9
 Shatter                  Erth           0%         3d5*      100%        9


Dungeon Overview and Level Annotations

Branches:
Dungeon (15/15)            Temple (1/1) D:4            Lair (5/5) D:11
  Swamp (0/4) Lair:2       Spider (0/4) Lair:2        Slime (0/5) Lair:4
    Orc (0/2) D:11         Vaults (0/5) D:14        Ossuary (visited)
 Depths: D:15

Altars:
Ashenzari
Cheibriados
Dithmenos
Elyvilon
Fedhas
Gozag
Hepliaklqana
Kikubaaqudgha
Makhleb
Nemelex Xobeh
Okawaru
Qazlal
Ru
Sif Muna
Trog
Uskayaw
Vehumet
Wu Jian
Xom
Yredelemnul
Zin
The Shining One
Jiyva

Shops:
D:4 :*[   D:6 (   D:8 *   D:9 [   D:13 :

Annotations:
D:10 1 runed translucent door
Lair:2 exclusion: oklob plant
Lair:4 1 runed translucent door, exclusion: 4 oklob plants, Zenatt's ghost, journeyman TrFi


Innate Abilities, Weirdness & Mutations

You are a living statue of rough stone.
Your actions are slow, but your melee attacks are powerful.
You are resistant to unholy torment.
You cannot wear most types of armour.
You are amphibious.
You can wear up to eight rings at the same time.
You are immune to poison.
Your skin changes colour to match your surroundings (Stealth+).
((Your rubbery body absorbs attacks. (AC +1, EV +1)))
((You are camouflaged when in or above water. (Stealth+)))
You have tentacles for arms and can constrict up to eight enemies at once.


Message History

Press: ? - help, Dir - move target The slime creature quivers. x4
The slime creature is engulfed in freezing vapours. x4
The slime creature closely misses you.
The slime creature is engulfed in freezing vapours.
Two slime creatures merge to form a large slime creature.
You now have 18/23 mp.
You tentacle-slap the large slime creature but do no damage.
You squeeze the large slime creature.
The large slime creature is heavily wounded.
The slime creature is engulfed in freezing vapours. x2
Two slime creatures merge to form a very large slime creature.
The slime creature is engulfed in freezing vapours.
You tentacle-slap the very large slime creature.
You squeeze the very large slime creature, but do no damage.
The very large slime creature is heavily wounded.
The slime creature is engulfed in freezing vapours.
Two slime creatures merge to form an enormous slime creature.
The slime creature is engulfed in freezing vapours.
Two slime creatures merge to form a titanic slime creature.
The slime creature is engulfed in freezing vapours.
You batter the titanic slime creature!!
The titanic slime creature is heavily wounded.
The titanic slime creature closely misses you.
The slime creature is engulfed in freezing vapours.
You bludgeon the titanic slime creature!
You tentacle-slap the titanic slime creature!
You squeeze the titanic slime creature!
The titanic slime creature is severely wounded.
The titanic slime creature hits you!!!
The slime creature is engulfed in freezing vapours.
You kill the slime creature!
The titanic slime creature hits you!!!
Ouch! That really hurt!
* * * LOW HITPOINT WARNING * * *
You take 112 damage, and have 2/114 hp.
MASSIVE DAMAGE!!
You batter the titanic slime creature!!
The titanic slime creature is severely wounded.
The titanic slime creature hits you!!!
You die...

#.#### #..
##.##.#
##.###.)...#
##...##..#..#
#○○°..#..#.##
○.○..#....#
°○.##....#
#J##.....#
#.#8#......#
#..........#
#......#####
#...#.....#
#..?#.##.##
#.. #. ..# #.
#.#### #. #.


You could see a titanic slime creature.

Vanquished Creatures
  Gastronok (D:8)
  Snorg (D:10)
  Harold (D:11)
  3 hydras
  2 rakshasas (D:15)
  A catoblepas (Lair:5)
  2 centaur warriors
  5 two-headed ogres
  2 tengu warriors
  A death yak (Lair:5)
  Nergalle (Lair:3)
  A skyshark (Lair:4)
  Sonja (Lair:4)
  4 skeletal warriors (D:12)
  A goliath frog (Lair:5)
  2 glowing orange brains
  A bog body (Lair:2)
  Pikel (D:5)
  3 orc knights
  2 deep elf pyromancers
  2 deep elf zephyrmancers (D:14)
  3 cyclopes
  5 manticores
  3 wolf spiders (D:10)
  An orc sorcerer (D:15)
  4 ugly things
  Maurice (D:7)
  A moth of wrath (shapeshifter) (D:15)
  15 elephants
  Joseph (D:7)
  25 cane toads
  4 black mambas
  A torpor snail (Lair:3)
  An unseen horror (D:12)
  7 komodo dragons
  2 polar bears
  2 tyrant leeches (Lair:5)
  A queen bee (D:11)
  Grinder (D:6)
  A troll (D:10)
  10 hornets
  2 meliai (D:14)
  26 blink frogs
  5 dream sheep (Lair:5)
  Prince Ribbit (D:5)
  A centaur simulacrum (D:15)
  Sigmund (D:2)
  7 slime creatures
  2 shadows
  68 yaks
  A wyvern (D:9)
  Grum (D:10)
  3 wraiths
  7 basilisks
  A steam dragon (D:7)
  10 redbacks
  11 vampire mosquitoes
  Menkaure (D:6)
  13 water moccasins
  Duvessa (D:7)
  3 ice beasts (D:7)
  2 black bears
  13 orc warriors
  16 wolves
  14 centaurs
  2 phantoms
  Blork the orc (D:5)
  18 bullfrogs
  5 scorpions
  Dowan (D:7)
  36 killer bees
  2 electric eels (Lair:5)
  2 howler monkeys
  3 jellies
  4 hounds
  8 orc priests
  A centaur skeleton (Ossuary)
  A sleepcap (D:7)
  Jessica (D:2)
  4 iguanas
  15 orc wizards
  A crocodile zombie (Ossuary)
  12 mummies (Ossuary)
  5 adders
  2 shadow imps (D:5)
  2 white imps
  2 ufetubi (D:6)
  A worm zombie (D:6)
  2 worms
  A dart slug (D:4)
  78 orcs
  6 endoplasms
  5 giant cockroaches
  7 goblins
  7 hobgoblins
  7 jackals
  4 kobolds
  4 quokkas
  4 ball pythons (D:2)
  8 bats
  2 frilled lizards (D:1)
  4 gnoll skeletons (Ossuary)
  A kobold skeleton (Ossuary)
  A kobold zombie (D:6)
  2 orc skeletons (Ossuary)
  8 rats
  10 spectral rats (Ossuary)
627 creatures vanquished.

Vanquished Creatures (collateral kills)
  A tengu warrior (D:14)
  The ghost of TobyConnect the Zephyrmancer, a journeyman TeAE of Hepliaklqana (D:11)
  A meliai (D:14)
3 creatures vanquished.

Grand Total: 630 creatures vanquished

Notes
Turn   | Place    | Note
-------+----------+-------------------------------------------
     0 | D:1      | Dirtsage the Octopode Shapeshifter began the quest for the
                  | Orb.
     0 | D:1      | Reached XP level 1. HP: 13/13 MP: 1/1
    90 | D:1      | Reached XP level 2. HP: 18/18 MP: 2/2
   539 | D:1      | Reached XP level 3. HP: 22/23 MP: 3/3
   773 | D:2      | Noticed Sigmund
   779 | D:2      | Killed Sigmund
   780 | D:2      | Reached skill level 4 in Shapeshifting
   780 | D:2      | Reached XP level 4. HP: 8/30 MP: 4/4
   780 | D:2      | Reached XP level 5. HP: 10/35 MP: 5/5
  1161 | D:2      | Found a faded altar of an unknown god.
  1578 | D:2      | Noticed Jessica
  1586 | D:2      | Killed Jessica
  1587 | D:2      | Reached XP level 6. HP: 38/41 MP: 6/6
  2206 | D:3      | Got Vimikiv's Spellbook of Blistering Shifting
  2262 | D:3      | Found a hide-covered altar of Uskayaw.
  2263 | D:3      | Found an iron altar of Okawaru.
  2328 | D:3      | Found a broken altar of Ashenzari.
  2369 | D:4      | Found Bagoull's Armour Shoppe.
  2399 | D:4      | Found Muifom's General Store.
  2454 | D:4      | Bought a scroll of blinking for 97 gold pieces
  2590 | D:4      | Reached skill level 5 in Shapeshifting
  2590 | D:4      | Reached XP level 7. HP: 46/46 MP: 7/7
  2626 | D:4      | Found a staircase to the Ecumenical Temple.
  2648 | Temple   | Entered the Ecumenical Temple
  2665 | Temple   | Became a worshipper of the Shining One
  2851 | D:4      | Found Kokull Mimuu's Book Emporium.
  3045 | D:5      | Entered Level 5 of the Dungeon
  3407 | D:5      | Noticed Blork the orc
  3417 | D:5      | Killed Blork the orc
  3418 | D:5      | Reached skill level 6 in Shapeshifting
  3495 | D:5      | Noticed Prince Ribbit
  3496 | D:5      | Noticed Pikel
  3503 | D:5      | Killed Prince Ribbit
  3504 | D:5      | Reached skill level 7 in Shapeshifting
  3504 | D:5      | Reached XP level 8. HP: 9/52 MP: 8/8
  3555 | D:5      | Killed Pikel
  3556 | D:5      | Reached skill level 8 in Shapeshifting
  4067 | D:6      | Found Qogyac's Hydra Hut.
  4070 | D:6      | Noticed a six-headed hydra
  4113 | D:6      | Noticed Grinder
  4120 | D:6      | Paralysed by Grinder for 5 turns
  4126 | D:6      | Killed Grinder
  4127 | D:6      | Reached skill level 9 in Shapeshifting
  4196 | D:6      | Reached XP level 9. HP: 57/57 MP: 9/9
  4249 | D:6      | Noticed Menkaure
  4256 | D:6      | Killed Menkaure
  4257 | D:6      | Reached skill level 10 in Shapeshifting
  4257 | D:6      | Reached * piety under the Shining One
  4264 | D:6      | Found a sand-covered staircase.
  4279 | Ossuary  | Entered an ossuary
  4340 | Ossuary  | Reached ** piety under the Shining One
  4498 | Ossuary  | Reached *** piety under the Shining One
  4908 | D:7      | Reached skill level 1 in Stealth
  4912 | D:7      | Reached skill level 1 in Invocations
  4943 | D:7      | Found a glowing silver altar of Zin.
  4943 | D:7      | Found a blossoming altar of Fedhas.
  5282 | D:7      | Noticed a hornet
  5292 | D:7      | Killed a hornet
  5319 | D:7      | Reached skill level 5 in Unarmed Combat
  5328 | D:7      | Noticed Dowan
  5343 | D:7      | Noticed Duvessa
  5346 | D:7      | Killed Dowan
  5347 | D:7      | Reached XP level 10. HP: 63/63 MP: 11/11
  5359 | D:7      | Killed Duvessa
  5424 | D:7      | Noticed Joseph
  5434 | D:7      | Killed Joseph
  5565 | D:7      | Noticed Maurice
  5566 | D:7      | Paralysed by Maurice for 4 turns
  5567 | D:7      | Maurice stole a serpent talisman
  5573 | D:7      | Maurice stole 89 gold
  5574 | D:7      | Killed Maurice
  5696 | D:8      | Found Iluwkipn's Assorted Antiques.
  5742 | D:8      | Reached skill level 5 in Dodging
  5910 | D:4      | Bought a scroll of teleportation for 39 gold pieces
  6096 | D:8      | Found a radiant altar of Vehumet.
  6109 | D:8      | Found a shimmering blue altar of Sif Muna.
  6384 | D:8      | Noticed Gastronok
  6483 | D:9      | Reached **** piety under the Shining One
  6502 | D:9      | Found Araciynnukh's Armour Shop.
  6505 | D:9      | Reached skill level 11 in Shapeshifting
  6604 | D:9      | Reached skill level 5 in Fighting
  6604 | D:9      | Reached skill level 5 in Stealth
  6704 | D:8      | Killed Gastronok
  6903 | D:9      | Noticed a two-headed ogre
  6906 | D:9      | a two-headed ogre changed into a glowing orange brain
  6906 | D:9      | Noticed a glowing orange brain
  6912 | D:9      | Killed a glowing orange brain
  6913 | D:9      | Reached XP level 11. HP: 72/72 MP: 14/14
  6943 | D:9      | Reached skill level 5 in Invocations
  6982 | D:9      | Noticed a centaur warrior
  7000 | D:9      | Killed a centaur warrior
  7049 | D:9      | Noticed a two-headed ogre
  7060 | D:9      | Killed a two-headed ogre
  7090 | D:9      | Noticed a deep elf pyromancer
  7098 | D:9      | Killed a deep elf pyromancer
  7347 | D:10     | Entered Level 10 of the Dungeon
  7547 | D:10     | Noticed Snorg
  7554 | D:10     | Killed Snorg
  7665 | D:10     | Found a runed translucent door.
  7669 | D:10     | Found a runed translucent gate.
  7674 | D:10     | Found a runed translucent gate.
  7683 | D:10     | Found a runed translucent gate.
  7684 | D:10     | Noticed a wolf spider
  7685 | D:10     | Noticed a wolf spider
  7685 | D:10     | Noticed a wolf spider
  7693 | D:10     | Found a runed translucent door.
  7694 | D:10     | Reached ***** piety under the Shining One
  7702 | D:10     | Found the +9 staff of Olgreb {rPois∞}
  7704 | D:10     | Noticed Grum
  7734 | D:10     | Killed Grum
  7738 | D:10     | Reached XP level 12. HP: 80/80 MP: 16/16
  7930 | D:10     | Found a sparkling altar of Nemelex Xobeh.
  8013 | D:10     | HP: 2/97 [wolf spider (8)]
  8152 | D:10     | Reached skill level 12 in Shapeshifting
  8419 | D:11     | Found a large runed translucent door.
  8420 | D:11     | Found a large runed translucent door.
  8422 | D:11     | Noticed TobyConnect's ghost (journeyman TeAE)
  8491 | D:11     | Found a staircase to the Lair.
  9305 | D:11     | Noticed Harold
  9338 | D:11     | Killed Harold
  9419 | D:11     | Found a staircase to the Orcish Mines.
  9640 | D:11     | Killed TobyConnect's ghost
  9641 | D:11     | Reached XP level 13. HP: 89/89 MP: 2/19
  9747 | D:11     | Saving game... please wait.
  9747 | D:11     | Upgraded the game from 0.31-a0-1308-ga3cce3a448 to
                  | 0.31-a0-1317-gdfb52cbc09
  9789 | Lair:1   | Entered Level 1 of the Lair of Beasts
 10919 | Lair:2   | Reached skill level 13 in Shapeshifting
 10944 | Lair:2   | Found a staircase to the Swamp.
 11077 | Lair:2   | Found a hole to the Spider Nest.
 11621 | Lair:2   | Reached skill level 10 in Unarmed Combat
 11838 | Lair:3   | Reached XP level 14. HP: 98/98 MP: 21/21
 11929 | Lair:3   | Noticed Nergalle
 11943 | Lair:3   | Killed Nergalle
 12408 | Lair:3   | Identified a scroll of acquirement
 12408 | Lair:3   | Acquired 1093 gold pieces
 12450 | Lair:3   | Reached skill level 10 in Dodging
 12626 | Lair:4   | Noticed Zenatt's ghost (journeyman TrFi)
 12628 | Lair:4   | Found a runed translucent door.
 12628 | Lair:4   | Identified the +6 spear "Coogu" {heavy, rElec Str+4}
 12692 | Lair:4   | Reached skill level 10 in Invocations
 12710 | Lair:4   | Reached skill level 10 in Fighting
 12725 | Lair:4   | Noticed Sonja
 12736 | Lair:4   | Killed Sonja
 12819 | Lair:4   | Found a viscous altar of Jiyva.
 12819 | Lair:4   | Found a staircase to the Slime Pits.
 13109 | Lair:4   | Upgraded the game from 0.31-a0-1317-gdfb52cbc09 to
                  | 0.31-a0-1352-gc98d92de7d
 13122 | Lair:5   | Entered Level 5 of the Lair of Beasts
 13510 | Lair:5   | Reached skill level 14 in Shapeshifting
 13598 | Lair:5   | Identified the +0 plate armour of the Game Afoot {rElec}
 13775 | Lair:5   | Identified the +2 falchion "Nugisof" {antimagic, rC+ SInv}
 14535 | D:12     | Reached skill level 1 in Conjurations
 14535 | D:12     | Reached skill level 1 in Ice Magic
 14535 | D:12     | Reached skill level 1 in Air Magic
 14547 | D:12     | Learned a level 5 spell: Freezing Cloud
 14588 | D:12     | Reached XP level 15. HP: 105/105 MP: 23/23
 14880 | D:12     | Reached ****** piety under the Shining One
 15913 | D:13     | Found Egoff's Book Boutique.
 16789 | D:14     | Found a gate to the Vaults.
 16821 | D:14     | Found a radiant altar of Vehumet.
 16978 | D:15     | Entered Level 15 of the Dungeon
 17044 | D:15     | Reached skill level 5 in Conjurations
 17044 | D:15     | Reached skill level 5 in Ice Magic
 17052 | D:15     | Reached skill level 5 in Air Magic
 17587 | D:15     | HP: 2/114 [titanic slime creature (58)]
 17588 | D:15     | Annihilated by a titanic slime creature

Illustrated notes

Levels and vault maps discovered:
D:1:      dpeg_arrival_arbitrary_c, layout_loops_ring
D:2:      layout_basic, chequers_ecumenical_altar_simple_redux,
          nicolae_eternal_life, uniq_sigmund, uniq_jessica
D:3:      layout_rooms, nicolae_overflow_hidden_temple, bh_walls_and_bars
D:4:      layout_cave_pools, minmay_temple_entry_tees, serial_shops,
          kennysheep_mini_moat, nicolae_take_the_stairs, shop,
          hangedman_decor_growths
D:5:      layout_basic, chequers_serial_rivers_small_3, uniq_blork_the_orc,
          uniq_prince_ribbit1, uniq_pikel
D:6:      layout_rooms, enter_ossuary_3, doesnt_shop_hydraphobe, uniq_grinder,
          uniq_menkaure
D:7:      layout_basic, gammafunk_temple_overflow_statue, nicolae_letterblocks
          [nicolae_letter_subblock, nicolae_letter_subblock,
          nicolae_letter_subblock, nicolae_letter_subblock,
          nicolae_letter_subblock, nicolae_letter_subblock,
          nicolae_letter_subblock, nicolae_letter_subblock,
          nicolae_letter_subblock, nicolae_letter_subblock,
          nicolae_letter_subblock, nicolae_letter_subblock,
          nicolae_letter_subblock, nicolae_letter_subblock,
          nicolae_letter_subblock, nicolae_letter_subblock,
          nicolae_letter_subblock, nicolae_letter_subblock,
          nicolae_letter_subblock, nicolae_letter_subblock,
          nicolae_letter_subblock, nicolae_letter_subblock,
          nicolae_letter_subblock, nicolae_letter_subblock,
          nicolae_letter_subblock], uniq_joseph, uniq_duvessa, uniq_maurice
D:8:      layout_loops_ring, mainiacjoe_overflow_large_starburst, serial_shops,
          nicolae_shop_tiny_glass, uniq_gastronok
D:9:      layout_cave_pools, serial_shops, nicolae_stop_n_shop_2,
          chequers_serial_rivers_small_3, abandoned_shop, minmay_bent
D:10:     layout_basic, nemelex_spade_bored_becter, special_room
          [special_room_orc], minmay_guarded_unrand_staff_of_olgreb, uniq_snorg,
          uniq_grum
D:11:     nicolae_whirlpool, layout_cave_pods, david_lair_generic, david_orc_4,
          special_room [special_room_bee], ebering_ghost_disaster_area,
          uniq_harold
D:12:     layout_loops_corners
D:13:     layout_loops_ring, serial_shops, nicolae_shop_hallway_stairs,
          chequers_serial_rivers_micro_d, grunt_decor_resistance
D:14:     layout_cave_pools, david_vaults_1, chequers_serial_rivers_large_b,
          kennysheep_doodads, nicolae_vehumet_altar_sigil
D:15:     gammafunk_enter_depths_forms, layout_basic
Temple:   jpeg_temple_clearing
Lair:1:   layout_regular_city, grunt_megastairs_4, infiniplex_staircase_pool_2
Lair:2:   layout_gridlike, skrybe_swamp_entry_bodies, spider_nest_entry_webs
Lair:3:   layout_long_grid, uniq_nergalle
Lair:4:   layout_big_grid, minmay_slime_entry_oklob_enclosed,
          ebering_ghost_funeral_grove, uniq_sonja
Lair:5:   minmay_lair_end_frog_pond, layout_regular_city,
          nicolae_lair_yak_garden

Skill      XL: |  1  2  3  4  5  6  7  8  9 10 11 12 13 14 15 |
---------------+----------------------------------------------+-----
Fighting       | 2 3 4 5 6 8 9 10 | 10.6
Dodging        | 3 4 5 7 8 9 10 | 10.7
Shapeshifting  | 4 5 7 9 10 11 12 13 14 | 14.4
Unarmed Combat | 4 5 6 7 8 10 11 | 11.0
Stealth        | 3 6 7 |  7.8
Invocations    | 2 4 6 8 9 10 | 10.7
Conjurations   | 1 5 |  5.4
Ice Magic      | 1 5 |  5.4
Air Magic      | 1 5 |  5.4

Action                     |  1- 3 |  4- 6 |  7- 9 | 10-12 | 13-15 || total
---------------------------+-------+-------+-------+-------+-------++-------
  Melee: Unarmed           |    49 |    70 |   215 |   518 |   906 ||  1758
         Constrict         |    15 |    19 |    62 |   116 |   223 ||   435
         Tentacles         |    12 |    10 |    48 |       |    21 ||    91
         Punch             |     1 |     3 |     7 |     1 |     8 ||    20
   Cast: Freezing Cloud    |       |       |       |       |     1 ||     1
 Invoke: Divine Shield     |       |       |       |     2 |       ||     2
         Summon Divine War |       |       |       |     2 |     1 ||     3
  Evoke: Wand              |       |     3 |     6 |    12 |     2 ||    23
    Use: Scroll            |       |       |    10 |    12 |     9 ||    31
         Potion            |       |       |       |     8 |       ||     8
   Stab: Sleeping          |     4 |    11 |       |       |       ||    15
 Armour: Skin              |    16 |    21 |    83 |   372 |   623 ||  1115
  Dodge: Dodged            |    28 |    30 |    83 |   378 |   710 ||  1229
  Block: Other             |       |       |       |    15 |       ||    15
   Form: Serpent           |       |       |     1 |       |       ||     1
         Statue            |       |       |       |       |     1 ||     1

Table legend: (Time is in decaauts)
 A = Elapsed time spent in this place.
 B = Non-inter-level travel time spent in this place.
 C = Inter-level travel time spent in this place.
 D = Time resting spent in this place.
 E = Time spent auto-exploring this place.
 F = Levels seen in this place.
 G = Mean time per level.
                   A        B        C        D        E       F      G
               +--------+--------+--------+--------+--------+-----+--------+
         Total |  17640 |  16499 |   1141 |    460 |  12144 |  22 |  801.8 |
       Dungeon |  12744 |  11874 |    870 |    451 |   8963 |  15 |  849.6 |
        Temple |     34 |      2 |     32 |      0 |      0 |   1 |   34.0 |
          Lair |   4528 |   4290 |    238 |      9 |   3002 |   5 |  905.6 |
       Ossuary |    332 |    332 |      0 |      0 |    179 |   1 |  332.0 |
               +--------+--------+--------+--------+--------+-----+--------+

Top non-repeatable levels by time:
    D:11: 1395 daAuts
  Lair:5: 1174 daAuts
     D:2: 1138 daAuts
     D:5: 1042 daAuts
    D:12: 1026 daAuts
    D:10: 1025 daAuts
  Lair:1: 930 daAuts
  Lair:2: 925 daAuts
     D:7: 899 daAuts
    D:15: 894 daAuts
  Lair:3: 891 daAuts
     D:8: 858 daAuts
     D:1: 769 daAuts
    D:14: 765 daAuts
    D:13: 716 daAuts
